 Dungeon Crawl Stone Soup version 0.17.0-25-gefc9c12 (webtiles) character file.

187 dorian the Firebug (level 5, 0/31 HPs)
             Began as an Octopode Fire Elementalist on Nov 18, 2015.
             Killed from afar by dorian's ghost (8 damage)
             ... with a magic dart
             ... on level 4 of the Dungeon.
             The game lasted 00:08:45 (4118 turns).

dorian the Firebug (Octopode Fire Elementalist)     Turns: 4118, Time: 00:08:46

Health: 0/31       AC:  1    Str:  7    XL:     5   Next: 66%
Magic:  0/8        EV: 12    Int: 18    God:
Gold:   186        SH:  0    Dex: 13    Spells: 2 memorised, 3 levels left

rFire  . . .     SeeInvis .     (no weapon)
rCold  . . .     Clarity  .     (no shield)
rNeg   . . .     SustAt   .     (helmet restricted)
rPois  .         Gourm    .     (no amulet)
rElec  .         Spirit   .     (no ring)
rCorr  .         Warding  .     (no ring)
rMut   .         Stasis   .     (no ring)
MR     .....                    (no ring)
Stlth  +++.......               (no ring)
                                (no ring)
                                (no ring)
                                (no ring)

@: not resistant to hostile enchantments, fairly stealthy
A: almost no armour, amphibious, 8 rings, constrict 8, camouflage 1, gelatinous
body 1
a: no special abilities


You were on level 4 of the Dungeon.
You were hungry.

You visited 1 branch of the dungeon, and saw 4 of its levels.

You collected 186 gold pieces.

Inventory:

Hand Weapons
 h - a -2 dagger
Scrolls
 c - 3 scrolls of remove curse
 e - 3 scrolls of noise {unknown}
 g - 3 scrolls of identify {unknown}
 i - 2 scrolls of fear {unknown}
 j - 2 scrolls of random uselessness {unknown}
 k - a scroll of fog {unknown}
 o - a scroll of recharging {unknown}
 q - a scroll of blinking {unknown}
Potions
 d - a potion of cure mutation {unknown}
 f - 3 potions of curing
 n - a potion of agility {unknown}
 p - 3 potions of haste {unknown}
 r - a potion of flight {unknown}
Books
 a - a book of Flames

   Spells                             Type                      Level
   a - Flame Tongue                   Conjuration/Fire             1
   b - Throw Flame                    Conjuration/Fire             2
   c - Conjure Flame                  Conjuration/Fire             3
   d - Inner Flame                    Hexes/Fire                   3
   e - Sticky Flame                   Conjuration/Fire             4
   f - Fireball                       Conjuration/Fire             5
Comestibles
 b - 5 bread rations
 l - 4 meat rations


   Skills:
 - Level 2.0 Dodging
 - Level 2.6 Stealth
 - Level 2.0 Spellcasting
 + Level 4.1 Conjurations
 + Level 4.5 Fire Magic


You had 3 spell levels left.
You knew the following spells:

 Your Spells              Type           Power        Failure   Level  Hunger
a - Flame Tongue          Conj/Fire      ###..        3%          1    #......
b - Sticky Flame          Conj/Fire      ###.....     34%         4    #####..


Dungeon Overview and Level Annotations

Branches:
Dungeon (4/15)
 Temple: D:4-7

Altars:
Cheibriados
Fedhas
Gozag
Zin

Annotations:
D:3 exclusion: oklob plant
D:4 dorian's ghost, novice OpCj


Innate Abilities, Weirdness & Mutations

You cannot wear most types of armour.
You are amphibious.
You can wear up to eight rings at the same time.
You can use your tentacles to constrict eight enemies at once.
Your skin changes colour to match your surroundings (Stealth).
Your rubbery body absorbs attacks (AC +1).


Message History

Press: ? - help, Shift-Dir - straight line, f/p - dorian's ghost
Aim: dorian's ghost (severely damaged)
The flame tongue hits dorian's ghost.
Dorian's ghost is severely damaged.
Dorian's ghost closely misses you.
Drink which item? (? for menu, Esc to quit)
It was a potion of curing.
You feel better. Dorian's ghost casts a spell at you. The magic dart hits you!
* * * LOW HITPOINT WARNING * * *
Casting: Flame Tongue
Confirm with . or Enter, or press ? or * to list all spells.
Aiming: Flame Tongue
Press: ? - help, Shift-Dir - straight line, f/p - dorian's ghost
Aim: dorian's ghost (severely damaged)
The flame tongue hits dorian's ghost.
Dorian's ghost is almost destroyed.
Dorian's ghost stares at you and mumbles some strange words.
The magic dart hits you!
You die...

#..... #..... #.....#
###.....#########
.................
.................
.................
........@W.......
.................
######+#######......###+
.#............#......#
)#............#......+
.#............'......#
.+............#......#
.#.....###....#......#
.#.....###....##......#


You could see dorian's ghost.

Vanquished Creatures
  An orc priest (D:3)
  5 adders
  An ooze (D:1)
  An adder zombie (D:3)
  A worm (D:2)
  4 giant geckos
  7 orcs (D:3)
  A ball python (D:3)
  8 bats
  2 giant cockroaches
  13 hobgoblins
  17 jackals
  8 kobolds
  3 quokkas (D:2)
  8 giant newts
  9 goblins
  3 rats
92 creatures vanquished.

Notes
Turn   | Place    | Note
--------------------------------------------------------------
     0 | D:1      | dorian the Octopode Fire Elementalist began the quest for the Orb.
     0 | D:1      | Reached XP level 1. HP: 11/11 MP: 3/3
   494 | D:1      | Reached XP level 2. HP: 6/17 MP: 3/5
   943 | D:1      | Reached XP level 3. HP: 18/21 MP: 1/6
  1948 | D:2      | Reached XP level 4. HP: 21/27 MP: 0/7
  2184 | D:2      | Found a snail-covered altar of Cheibriados.
  2305 | D:2      | Reached skill level 4 in Fire Magic
  2635 | D:3      | Found an opulent altar of Gozag.
  2877 | D:3      | Found a glowing silver altar of Zin.
  2895 | D:3      | Reached XP level 5. HP: 28/31 MP: 4/8
  3872 | D:3      | Found a blossoming altar of Fedhas.
  3918 | D:3      | Noticed an oklob plant
  4075 | D:4      | Learned a level 4 spell: Sticky Flame
  4104 | D:4      | Noticed dorian's ghost (novice OpCj)
  4118 | D:4      | Killed from afar by dorian's ghost

Action                   |  1- 3 |  4- 6 || total
-------------------------+-------+-------++-------
Melee: Unarmed           |    17 |       ||    17
       Dagger            |     4 |     2 ||     6
 Cast: Flame Tongue      |    65 |    86 ||   151
  Use: Scroll            |       |     1 ||     1
       Potion            |       |     1 ||     1
 Stab: Sleeping          |     3 |       ||     3
  Eat: Chunk             |     4 |     7 ||    11
